 Dungeon Crawl Stone Soup version 0.31-a0-981-geadf994542 (webtiles) character file.

Game seed: 4082150138216742179

357 Xavori the Trooper (level 6, 0/47 HPs)
             Began as a Djinni Chaos Knight on Nov 1, 2023.
             Was a Plaything of Xom.
             Slain by a quasit (1 damage)
             ... summoned by Xom
             ... on level 4 of the Dungeon.
             The game lasted 00:04:14 (5115 turns).

Xavori the Trooper (Djinni Chaos Knight)            Turns: 5115, Time: 00:04:14

Health: 0/47       AC:  6    Str: 11    XL:     6   Next: 96%
Gold:   235        EV: 12    Int: 13    God:    Xom [......] SH:  5 Dex: 15

rFire   + + +        a - +0 falchion (chaos)
rCold   . . .        (no shield)
rNeg    . . .        b - +2 leather armour
rPois   ∞            e - +0 helmet
rElec   .            (no cloak)
rCorr   .            (no gloves)
SInv    +            (boots unavailable)
Will    .....        r - amulet of reflection
Stlth   +            l - ring of see invisible
HPRegen 0.27/turn    p - ring of protection from cold
MPRegen 0.00/turn

%: reflection, infuse magic (-1 HP)
@: flying
A: sickness immunity, fire resistance 3, cold vulnerability 1, float, innate
caster, HP casting, extra vitality 1, MP-powered wands
a: Renounce Religion


You were on level 4 of the Dungeon.
You worshipped Xom.
You were a very special plaything of Xom.
You visited 1 branch of the dungeon, and saw 4 of its levels.

You collected 235 gold pieces.

Inventory:

Hand Weapons
 a - a +0 falchion of chaos (weapon)
Missiles
 u - a throwing net
Armour
 b - a +2 leather armour (worn)
 e - a +0 helmet (worn)
Jewellery
 h - a ring of protection from fire
 l - a ring of see invisible (left hand)
 n - a ring of fire
 o - a ring of willpower
 p - a ring of protection from cold (right hand)
 r - an amulet of reflection (around neck)
 t - an amulet of faith
Wands
 i - a wand of roots (4)
Scrolls
 c - a scroll of butterflies
 k - a scroll of fog
 m - 3 scrolls of identify
Potions
 f - a potion of lignification {unknown}
 g - 3 potions of curing {unknown}
 s - a potion of degeneration {unknown}
 v - a potion of resistance {unknown}
Miscellaneous
 j - a condenser vane (inert)


   Skills:
 + Level 3.7 Fighting
 + Level 3.4 Long Blades
 + Level 2.3 Armour
 + Level 3.3 Dodging
 * Level 2.1 Spellcasting
 * Level 2.1 Conjurations
 * Level 2.1 Hexes
   Level 0.0 Charms
 * Level 2.1 Summonings
 * Level 2.1 Necromancy
 * Level 2.1 Translocations
 * Level 2.1 Transmutations
 * Level 2.1 Fire Magic
 * Level 2.1 Ice Magic
 * Level 2.1 Air Magic
 * Level 2.1 Earth Magic
 * Level 2.1 Poison Magic
 * Level 2.6 Evocations


You knew the following spells:

 Your Spells              Type           Power      Damage    Failure   Level
a - Slow                  Hex            24%        N/A       14%         1
b - Searing Ray           Conj           12%        2d4       22%         2
Your spell library was empty.

Dungeon Overview and Level Annotations

Branches:
Dungeon (4/15)
 Temple: D:4-7

Altars:
Hepliaklqana
Okawaru

Annotations:
D:4 2 transporters, gdog's ghost, amateur GnDe


Innate Abilities, Weirdness & Mutations

You are immune to sickness and miasma.
You are immune to poison.
Your flesh is almost immune to the effects of heat. (rF+++)
You are vulnerable to cold. (rC-)
You float through the air rather than walking.
You learn spells naturally, not from books.
Your magical power is your life essence.
You have superior vitality. (+4 MHP)
You expend health (3 HP) to strengthen your wands.


Message History

You now have 235 gold pieces (gained 14).
v - a smoky grey potion
Found a stone staircase leading down.
Key pressed, stopping explore.
No target in view!
Key pressed, stopping explore.
No target in view!
No target in view! "Fight to survive, mortal."
You miss the sixfirhy. The sixfirhy hits you. The sixfirhy shocks you!
The sixfirhy hits you but does no damage.
You block the sixfirhy's attack.
The quasit bites you but does no damage.
The quasit completely misses you. x2; The sixfirhy hits you!
The sixfirhy shocks you!
* * * LOW HITPOINT WARNING * * *
As you read the scroll labelled HEPER PIHO, it crumbles to dust.
The creatures around you are filled with an inner flame!
It was a scroll of immolation.
The sixfirhy completely misses you. The sixfirhy barely misses you.
You block the sixfirhy's attack. You block the quasit's attack.
The quasit closely misses you.
The quasit claws you but does no damage.
The chaos spawn gores you.
* * * LOW HITPOINT WARNING * * *
The chaos spawn shocks you.
* * * LOW HITPOINT WARNING * * *
The sixfirhy barely misses you.
Unknown command.
Okay, then.
The air fills with toxic fumes!
As you read the scroll labelled BAC WAACEMIUNN, it crumbles to dust.
It was a scroll of poison.
The quasit bites you but does no damage.
You block the quasit's attack. The quasit barely misses you.
The chaos spawn hits you but does no damage.
The quasit bites you.
* * * LOW HITPOINT WARNING * * *
The quasit claws you.
You die... "What!?
That's it?"

#§§§§§§§§
§§§§§§§ #
§§§§§§ +
§§§§§ #
§§§# #
§5# #.
#5#
#..#@###
#§§43§§#
#§##§#§#
# #§#§#
### §§#.#
..#
####.#
#.# #.#
#.#
#######.#
#.#
#.......#


You could see a sixfirhy (summoned, inner flame), a chaos spawn (summoned, inner
flame), a quasit (summoned, inner flame) and a white imp (summoned, inner
flame).

Vanquished Creatures
  2 scorpions (D:4)
  An orc priest (D:4)
  2 orc wizards (D:4)
  3 gnolls (D:4)
  5 adders
  3 worms
  An orc (D:3)
  4 ball pythons
  3 bats (D:2)
  8 endoplasms
  3 giant cockroaches
  8 goblins
  13 hobgoblins
  5 quokkas
  5 frilled lizards
  2 kobolds
  4 rats
72 creatures vanquished.

Notes
Turn   | Place    | Note
-------+----------+-------------------------------------------
     0 | D:1      | Xavori the Djinni Chaos Knight began the quest for the Orb.
     0 | D:1      | Reached XP level 1. HP: 20/20 MP: 0/0
   140 | D:1      | Reached XP level 2. HP: 25/25 MP: 0/0
   186 | D:1      | XOM: silly message
   266 | D:1      | Found a faded altar of an unknown god.
   268 | D:1      | XOM: butterfly on damage
   390 | D:1      | XOM: divination: magic mapping
   775 | D:2      | Reached XP level 3. HP: 30/30 MP: 0/0
   775 | D:2      | Learned a level 1 spell: Slow
  1381 | D:1      | XOM: give mutations
  1381 | D:1      | Gained mutation: Your movements are slightly less
                  | encumbered by armour. (ER -2) [Xom's grace]
  1381 | D:1      | Gained mutation: You expend health (3 HP) to strengthen
                  | your wands. [Xom's grace]
  1433 | D:1      | XOM: god gift: moonstone ring {god gift}
  1794 | D:1      | XOM: god gift: wand of roots (4)
  2265 | D:1      | XOM: god gift: robe {god gift}
  2332 | D:1      | XOM: god gift: condenser vane
  2754 | D:2      | XOM: 1-stop teleportation journey
  3060 | D:2      | Reached skill level 1 in Spellcasting
  3060 | D:2      | Reached skill level 1 in Conjurations
  3060 | D:2      | Reached skill level 1 in Hexes
  3060 | D:2      | Reached skill level 1 in Summonings
  3060 | D:2      | Reached skill level 1 in Necromancy
  3060 | D:2      | Reached skill level 1 in Translocations
  3060 | D:2      | Reached skill level 1 in Transmutations
  3060 | D:2      | Reached skill level 1 in Fire Magic
  3060 | D:2      | Reached skill level 1 in Ice Magic
  3060 | D:2      | Reached skill level 1 in Air Magic
  3060 | D:2      | Reached skill level 1 in Earth Magic
  3060 | D:2      | Reached skill level 1 in Poison Magic
  3060 | D:2      | Reached XP level 4. HP: 32/35 MP: 0/0
  3518 | D:3      | Reached skill level 1 in Evocations
  3673 | D:3      | XOM: 1-stop teleportation journey
  3826 | D:3      | Found an iron altar of Okawaru.
  3826 | D:3      | Found a hazy altar of Hepliaklqana.
  4000 | D:3      | XOM: summons 3 hostile demons
  4381 | D:4      | XOM: 2-stop teleportation journey
  4395 | D:4      | Reached XP level 5. HP: 28/40 MP: 0/0
  4395 | D:4      | Learned a level 2 spell: Searing Ray
  4616 | D:4      | Reached XP level 6. HP: 46/46 MP: 0/0
  4669 | D:4      | Found a transporter.
  4669 | D:4      | XOM: swap monsters
  4673 | D:4      | XOM: give mutations
  4673 | D:4      | Lost mutation: Your movements are slightly less encumbered
                  | by armour. (ER -2) [Xom's mischief]
  4673 | D:4      | Gained mutation: Your muscles are strong. (Str +4, Int/Dex
                  | -1) [Xom's mischief]
  4673 | D:4      | Gained mutation: Your flesh is almost immune to the effects
                  | of heat. (rF+++) [Xom's mischief]
  4673 | D:4      | Lost mutation: Your muscles are strong. (Str +4, Int/Dex
                  | -1) [Xom's mischief]
  4780 | D:4      | Noticed gdog's ghost (amateur GnDe)
  4781 | D:4      | Found a transporter.
  4900 | D:4      | XOM: chaos upgrade
  4912 | D:4      | XOM: chaos upgrade
  5112 | D:4      | XOM: summons 4 hostile demons
  5113 | D:4      | Noticed a chaos spawn
  5113 | D:4      | Noticed a sixfirhy
  5115 | D:4      | HP: 1/47 [quasit[Xom] (3)]
  5115 | D:4      | Slain by a quasit

Illustrated notes

Levels and vault maps discovered:
D:1:      kilobyte_arrival_exit_the_forest, layout_rooms,
          hellmonk_ecumenical_altar_arch_garden
D:2:      layout_basic
D:3:      layout_rooms, gammafunk_temple_overflow_statue, nicolae_eternal_life
D:4:      layout_loops_corners, minmay_temple_entry_mist,
          gammafunk_ghost_mausoleum, nicolae_letterblocks
          [nicolae_letter_subblock, nicolae_letter_subblock,
          nicolae_letter_subblock, nicolae_letter_subblock,
          nicolae_letter_subblock, nicolae_letter_subblock,
          nicolae_letter_subblock, nicolae_letter_subblock,
          nicolae_letter_subblock, nicolae_letter_subblock,
          nicolae_letter_subblock, nicolae_letter_subblock,
          nicolae_letter_subblock, nicolae_letter_subblock,
          nicolae_letter_subblock, nicolae_letter_subblock,
          nicolae_letter_subblock, nicolae_letter_subblock,
          nicolae_letter_subblock, nicolae_letter_subblock,
          nicolae_letter_subblock, nicolae_letter_subblock,
          nicolae_letter_subblock, nicolae_letter_subblock,
          nicolae_letter_subblock]

Skill      XL: |  1  2  3  4  5  6 |
---------------+-------------------+-----
Spellcasting   | 1 2 |  2.1
Conjurations   | 1 2 |  2.1
Hexes          | 1 2 |  2.1
Summonings     | 1 2 |  2.1
Necromancy     | 1 2 |  2.1
Translocations | 1 2 |  2.1
Transmutations | 1 2 |  2.1
Fire Magic     | 1 2 |  2.1
Ice Magic      | 1 2 |  2.1
Air Magic      | 1 2 |  2.1
Earth Magic    | 1 2 |  2.1
Poison Magic   | 1 2 |  2.1
Long Blades    | 3 |  3.4
Evocations     | 1 2 |  2.6
Armour         | 2 |  2.3
Dodging        | 3 |  3.3
Fighting       | |  3.7

Action                     |  1- 3 |  4- 6 || total
---------------------------+-------+-------++-------
  Melee: Falchion          |   129 |   169 ||   298
         Punch             |       |     1 ||     1
  Evoke: Condenser vane    |       |     1 ||     1
    Use: Scroll            |       |     4 ||     4
   Stab: Sleeping          |     1 |     2 ||     3
         Paralysed         |       |     1 ||     1
 Armour: Leather armour    |    72 |   150 ||   222
  Dodge: Dodged            |    96 |   139 ||   235
  Block: Other             |       |     6 ||     6

Table legend: (Time is in decaauts)
 A = Elapsed time spent in this place.
 B = Non-inter-level travel time spent in this place.
 C = Inter-level travel time spent in this place.
 D = Time resting spent in this place.
 E = Time spent auto-exploring this place.
 F = Levels seen in this place.
 G = Mean time per level.
                   A        B        C        D        E       F      G
               +--------+--------+--------+--------+--------+-----+--------+
         Total |   5158 |   5006 |    152 |   2021 |   2318 |   4 | 1289.5 |
       Dungeon |   5158 |   5006 |    152 |   2021 |   2318 |   4 | 1289.5 |
               +--------+--------+--------+--------+--------+-----+--------+

Top non-repeatable levels by time:
     D:1: 2419 daAuts
     D:2: 1035 daAuts
     D:4: 1017 daAuts
     D:3: 685 daAuts
